 Dungeon Crawl Stone Soup version 0.25-a0-294-gea9b1ad378 (webtiles) character file.

Game seed: 8259457338056195996, levelgen mode: classic

52328 Borgoz the Basher (level 14, -29/136 HPs)
             Began as a Gargoyle Berserker on Dec 19, 2019.
             Was an Elder of Trog.
             Annihilated by a titanic slime creature (68 damage)
             ... on level 15 of the Dungeon.
             The game lasted 00:30:02 (16892 turns).

Borgoz the Basher (Gargoyle Berserker)             Turns: 16892, Time: 00:30:03

Health: -29/136    AC: 25    Str: 28    XL:     14   Next: 63%
Magic:  14/14      EV: 20    Int: 12    God:    Trog [****..]
Gold:   908        SH:  0    Dex: 18    Spells: 13/13 levels left

rFire    + . .     SeeInvis .   a - +11 whip "Pyenidukh" {flame, Int+5}
rCold    + . .     Gourm    .   (no shield)
rNeg     + . .     Faith    .   M - +2 leather armour {rF+}
rPois    ∞         Spirit   .   H - +1 hat {MR+}
rElec    +         Reflect  .   u - +2 cloak {MR+}
rCorr    .         Harm     .   N - +2 pair of gloves
MR       +++++                  (no boots)
Stlth    ..........             K - amulet of the acrobat
HPRegen  1.32/turn              h - ring of protection from cold
MPRegen  0.14/turn              P - +5 ring of dexterity

@: berserking, regenerating, very quick
A: big wings, negative energy resistance 1, electricity resistance, unbreathing,
petrification resistance, rot immunity, AC +10
a: Fly, Berserk, Trog's Hand, Brothers in Arms, Renounce Religion


You were on level 15 of the Dungeon.
You worshipped Trog.
Trog was greatly pleased with you.
You were not hungry.

You visited 1 branch of the dungeon, and saw 15 of its levels.

You collected 908 gold pieces.

Inventory:

Hand Weapons
 a - the +11 whip "Pyenidukh" (weapon) {flame, Int+5}
   (You found it on level 9 of the Dungeon)

   It has been specially enchanted to burn those struck by it, causing extra
   injury to most foes and up to half again as much damage against particularly
   susceptible opponents.
   It affects your intelligence (+5).
 y - a +3 antimagic dire flail
 J - a +6 dire flail
 L - a +4 great mace of flaming
Missiles
 t - a throwing net (quivered)
Armour
 u - a +2 cloak of magic resistance (worn)
 H - a +1 hat of magic resistance (worn)
 M - a +2 leather armour of fire resistance (worn)
 N - a +2 pair of gloves (worn)
 O - a scarf of repulsion
 Q - a +1 leather armour of cold resistance
 R - a +2 plate armour of magic resistance
 T - a +0 troll leather armour
Jewellery
 g - a +3 ring of protection
 h - a ring of protection from cold (left hand)
 s - an uncursed ring of protection from magic
 K - an amulet of the acrobat (around neck)
 P - a +5 ring of dexterity (right hand)
Wands
 b - a wand of enslavement (8)
 r - a wand of acid (7)
 F - a wand of scattershot (4)
 U - a wand of paralysis (8)
Scrolls
 f - 8 scrolls of remove curse
 i - 3 scrolls of fog {unknown}
 j - 3 scrolls of fear
 k - 3 scrolls of immolation {unknown}
 n - 3 scrolls of enchant armour
 p - 6 scrolls of teleportation
 q - 4 scrolls of noise {unknown}
 v - 6 scrolls of amnesia {unknown}
 E - a scroll of holy word
 G - 4 scrolls of enchant weapon {unknown}
 I - 2 scrolls of summoning
Potions
 d - a potion of agility
 e - a potion of cancellation
 l - 4 potions of might
 m - 5 potions of lignification
 o - 2 potions of brilliance
 w - 2 potions of mutation
 x - a potion of ambrosia
 z - 3 potions of flight
 A - 3 potions of magic
 C - a potion of haste
 D - a potion of curing
Comestibles
 c - 29 rations


   Skills:
 + Level 11.7 Fighting
 * Level 14.4 Maces & Flails
 * Level 13.6 Armour
 * Level 10.9 Dodging


You had 13 spell levels left.
You didn't know any spells.
Your spell library was empty.

Dungeon Overview and Level Annotations

Branches:
Dungeon (15/15)            Temple (0/1) D:6            Lair (0/6) D:11
    Orc (0/2) D:9          Vaults (0/5) D:14
 Depths: D:15

Altars:
Dithmenos
Gozag
Nemelex Xobeh
Sif Muna
The Shining One
Lugonu

Shops:
D:7 [

Annotations:
D:11 4 runed translucent doors, Error4North's ghost, journeyman HOFi
D:13 exclusion: ice statue
D:15 Roxanne


Innate Abilities, Weirdness & Mutations

You are resistant to torment.
Your stone body is resilient. (AC +10)
You are immune to poison.
Your large and strong wings let you fly indefinitely.
You resist negative energy. (rN+)
You are resistant to electric shocks. (rElec)
You can survive without breathing.
You are immune to petrification.
You are immune to rotting.


Message History

You thrash the enormous slime creature!!
You burn the enormous slime creature.
The enormous slime creature is severely wounded.
The enormous slime creature hits you!!!
* * * LOW HITPOINT WARNING * * *
You are too injured to fight recklessly!
You are too injured to fight recklessly!
You are too injured to fight recklessly!
Your skin crawls.
You feel resistant to hostile enchantments.
You are near starving!
The enormous slime creature barely misses you.
You eat one of the 30 rations.
That ration really hit the spot!
Two slime creatures merge to form a titanic slime creature.
A slime creature suddenly becomes a large slime creature.
A red film seems to cover your vision as you go berserk!
You feel yourself moving faster!
You feel mighty!
You feel a lot more hungry. The titanic slime creature hits you!!!
Ouch! That really hurt!
You die...

#.............#
#.............#
#.............##########
#.......................
#...^...................
#..........#######....J.
#########..#######......
#########J§○......[.....
#.....)@JJ§§J...........
#.#######§#######.......
#.# #.# #...####
#.#######.. .....# #
#........... ........ .
#.....................#
#.....................#
#..............8........
#......... .


You could see a titanic slime creature, a large slime creature and 2 slime
creatures.

Vanquished Creatures
  Kirke (D:14)
  Gastronok (D:10)
  3 ogre magi (D:15)
  4 hydras
  4 vault guards (D:14)
  3 centaur warriors
  17 two-headed ogres
  2 tengu warriors (D:14)
  5 skeletal warriors (D:12)
  4 unseen horrors
  A wizard (D:11)
  An orc knight (D:15)
  An orc sorcerer (D:15)
  A deep elf mage (D:11)
  3 cyclopes
  A manticore (D:14)
  A salamander (shapeshifter) (D:13)
  2 ugly things (D:13)
  An elephant (D:11)
  A centaur zombie (D:11)
  3 gargoyles
  2 kobold demonologists
  A freezing wraith (D:15)
  An efreet (D:11)
  A harpy zombie (D:14)
  3 trolls
  2 hornets
  Grinder (D:4)
  2 slime creatures
  3 hippogriffs
  2 dream sheep (D:8)
  Sigmund (D:5)
  9 yaks
  A human (D:14)
  2 wyverns
  4 hogs (D:14)
  A basilisk (D:11)
  A vampire mosquito (D:11)
  2 hungry ghosts
  Eustachio (D:5)
  A golden eye (shapeshifter) (D:14)
  A soldier ant (D:11)
  4 wargs (D:9)
  An acid dragon (D:11)
  A water moccasin (D:9)
  5 orc warriors
  8 sky beasts
  4 ice beasts
  A phantom (D:10)
  9 ogres
  An eye of draining (D:15)
  15 centaurs
  5 big kobolds
  A crocodile (D:11)
  Blork the orc (D:5)
  A gnoll sergeant (D:5)
  15 bullfrogs
  A water moccasin zombie (D:9)
  A wyvern skeleton (D:11)
  9 scorpions
  12 wights
  9 killer bees (D:8)
  2 howler monkeys
  3 jellies
  3 bullfrog zombies
  3 crimson imps
  5 hounds
  Crazy Yiuf (D:3)
  8 orc priests
  4 centaur skeletons
  6 orc wizards
  3 bullfrog skeletons
  Terence (D:2)
  2 iguanas
  12 worker ants
  A killer bee zombie (D:6)
  A hound skeleton (D:4)
  9 adders
  11 gnolls
  2 shadow imps
  5 ufetubi (D:13)
  3 oozes
  7 worms
  4 dart slugs
  4 leopard geckos
  44 orcs
  8 bats
  7 giant cockroaches
  8 goblins
  5 hobgoblins
  20 jackals
  6 quokkas
  2 ball pythons (D:3)
  7 frilled lizards
  2 giant cockroach zombies (D:6)
  22 kobolds
  3 leopard gecko skeletons
  8 rats
448 creatures vanquished.

Vanquished Creatures (others)
  An unseen horror (D:14)
  A sky beast (D:14)
  A howler monkey zombie (D:11)
  2 fungi (D:11)
  2 plants (D:11)
7 creatures vanquished.

Grand Total: 455 creatures vanquished

Notes
Turn   | Place    | Note
-------+----------+-------------------------------------------
     0 | D:1      | Borgoz the Gargoyle Berserker began the quest for the Orb.
     0 | D:1      | Reached XP level 1. HP: 14/14 MP: 1/1
   129 | D:1      | Reached XP level 2. HP: 12/19 MP: 2/2
   677 | D:2      | Reached XP level 3. HP: 23/23 MP: 3/3
   690 | D:2      | Noticed Terence
   707 | D:2      | Killed Terence
   980 | D:2      | Reached XP level 4. HP: 21/29 MP: 4/4
  1112 | D:2      | Reached ** piety under Trog
  1379 | D:2      | Reached skill level 4 in Maces & Flails
  1656 | D:2      | Found an opulent altar of Gozag.
  1657 | D:2      | Found a sparkling altar of Nemelex Xobeh.
  1933 | D:3      | Reached XP level 5. HP: 14/33 MP: 5/5
  2483 | D:3      | Found a runed translucent door.
  2484 | D:3      | Noticed Crazy Yiuf
  2714 | D:3      | Reached *** piety under Trog
  2995 | D:3      | Killed Crazy Yiuf
  3091 | D:4      | Reached XP level 6. HP: 36/38 MP: 6/6
  3245 | D:4      | Reached skill level 5 in Maces & Flails
  3558 | D:4      | Reached XP level 7. HP: 42/44 MP: 7/7
  3646 | D:4      | Found a glowing golden altar of the Shining One.
  3679 | D:5      | Entered Level 5 of the Dungeon
  3793 | D:5      | Noticed Eustachio
  3796 | D:5      | Noticed Sigmund
  3798 | D:5      | Noticed Grinder
  3805 | D:5      | Killed Eustachio
  3805 | D:5      | Reached skill level 5 in Fighting
  3805 | D:5      | Reached skill level 6 in Maces & Flails
  3831 | D:4      | Paralysed by Grinder for 5 turns
  3866 | D:4      | Paralysed by Grinder for 3 turns
  3873 | D:4      | Paralysed by Grinder for 4 turns
  3883 | D:4      | Paralysed by Grinder for 4 turns
  3897 | D:4      | Paralysed by Grinder for 6 turns
  3909 | D:4      | Killed Grinder
  3909 | D:4      | Reached XP level 8. HP: 34/50 MP: 8/8
  4020 | D:5      | Killed Sigmund
  4095 | D:5      | Found a shimmering blue altar of Sif Muna.
  4130 | D:5      | Reached skill level 5 in Armour
  4286 | D:5      | Reached skill level 7 in Maces & Flails
  4506 | D:5      | Reached **** piety under Trog
  4684 | D:5      | Reached XP level 9. HP: 39/55 MP: 9/9
  4845 | D:5      | Noticed Blork the orc
  4864 | D:5      | Killed Blork the orc
  5066 | D:6      | Found a staircase to the Ecumenical Temple.
  5140 | D:6      | Reached skill level 8 in Maces & Flails
  6492 | D:7      | Reached skill level 5 in Dodging
  6734 | D:7      | Found Xoyrrike's Antique Armour Shoppe.
  7122 | D:7      | Reached skill level 9 in Maces & Flails
  7532 | D:7      | Reached XP level 10. HP: 63/63 MP: 10/10
  7839 | D:8      | Reached ***** piety under Trog
  7839 | D:8      | Received a gift from Trog
  8735 | D:8      | Reached skill level 10 in Maces & Flails
  8871 | D:8      | Noticed a three-headed hydra
  8880 | D:8      | Killed a three-headed hydra
  8990 | D:9      | Got a transparent whip
  8991 | D:9      | Identified the +11 whip "Pyenidukh" {flame, Int+5} (You
                  | found it on level 9 of the Dungeon)
  9254 | D:9      | Reached XP level 11. HP: 54/69 MP: 11/11
  9259 | D:9      | Received a gift from Trog
  9491 | D:9      | Found a shadowy altar of Dithmenos.
  9554 | D:9      | Found a staircase to the Orcish Mines.
  9750 | D:10     | Entered Level 10 of the Dungeon
  9763 | D:10     | Reached skill level 11 in Maces & Flails
  9989 | D:10     | Noticed Gastronok
 10005 | D:10     | Killed Gastronok
 10253 | D:10     | Killed an unseen horror
 10749 | D:10     | Received a gift from Trog
 11284 | D:11     | Found a runed translucent gate.
 11286 | D:11     | Found a runed translucent gate.
 11286 | D:11     | Noticed Error4North's ghost (journeyman HOFi)
 11287 | D:11     | Found a runed translucent gate.
 11287 | D:11     | Noticed a cyclops
 11298 | D:11     | Killed a cyclops
 11298 | D:11     | Reached skill level 10 in Armour
 11298 | D:11     | Reached XP level 12. HP: 52/76 MP: 12/12
 11423 | D:11     | Noticed a seven-headed hydra
 11432 | D:11     | Killed a seven-headed hydra
 11630 | D:11     | Reached skill level 12 in Maces & Flails
 11632 | D:11     | Found a staircase to the Lair.
 11904 | D:11     | Received a gift from Trog
 11920 | D:11     | Found a runed translucent door.
 11924 | D:11     | Noticed a centaur warrior
 11943 | D:11     | HP: 1/77 [centaur warrior/arrow (6)]
 11956 | D:11     | Killed a centaur warrior
 12117 | D:11     | Reached skill level 10 in Fighting
 12308 | D:11     | Noticed a four-headed hydra
 12319 | D:11     | Killed a four-headed hydra
 12325 | D:11     | Noticed a two-headed ogre
 12337 | D:11     | Killed a two-headed ogre
 13420 | D:12     | Reached XP level 13. HP: 71/83 MP: 13/13
 13680 | D:12     | Reached skill level 13 in Maces & Flails
 14553 | D:14     | Noticed Kirke
 14599 | D:14     | Killed Kirke
 14599 | D:14     | Received a gift from Trog
 14659 | D:14     | Found a gate to the Vaults.
 14659 | D:14     | Noticed a vault guard
 14659 | D:14     | Noticed a vault guard
 14659 | D:14     | Noticed a vault guard
 14659 | D:14     | Noticed a vault guard
 15110 | D:14     | Found a corrupted altar of Lugonu.
 15147 | D:14     | Reached skill level 10 in Dodging
 15187 | D:14     | Killed a vault guard
 15202 | D:14     | Killed a vault guard
 15583 | D:14     | Killed a vault guard
 15643 | D:14     | Gained mutation: Your large and strong wings let you fly
                  | indefinitely. [Gargoyle growth]
 15643 | D:14     | Reached XP level 14. HP: 59/90 MP: 14/14
 16156 | D:15     | Entered Level 15 of the Dungeon
 16272 | D:15     | Reached skill level 14 in Maces & Flails
 16398 | D:15     | Identified Roxanne's Catalogue of the Mountains
 16398 | D:15     | Noticed Roxanne
 16892 | D:15     | Annihilated by a titanic slime creature

Levels and vault maps discovered:
D:1:      dpeg_arrival_tiny_i, layout_loops_ring, kennysheep_doodads
D:2:      layout_basic, grunt_temple_overflow_opulence, uniq_terence
D:3:      layout_rooms, serial_forest, infiniplex_forest_lined_ring,
          infiniplex_forest_clump_cross, infiniplex_forest_clump_long,
          infiniplex_forest_end_2, infiniplex_forest_end_2,
          infiniplex_forest_clump_cross, infiniplex_forest_straight_4,
          infiniplex_forest_end_2, infiniplex_forest_clump_curved,
          infiniplex_forest_zigzag_1, minmay_starry_boxes,
          uniq_crazy_yiuf_cottage
D:4:      layout_basic, tso_altar, first_ration
D:5:      layout_cave_pools, lemuel_coloured_pillars_altar, minmay_diced_spiral,
          uniq_blork_the_orc, uniq_eustachio, uniq_sigmund, uniq_grinder
D:6:      layout_loops_ring, minmay_temple_entry_metal_lava
D:7:      layout_loops_corners, serial_shops, shop
D:8:      layout_loops_ring, hangedman_ranch [blue_anna_fruit_fields],
          corexii_hall_statues_i
D:9:      layout_roguey, nicolae_dithmenos_through_a_glass_darkly,
          minmay_orc_entry_guard_dogs
D:10:     layout_layer_cave, minmay_misc_feat_secret_circle, uniq_gastronok
D:11:     minmay_the_grid_triangle_9x9_rhombus_thin_mashed
          [minmay_the_grid_triangle_9x9_checkered,
          minmay_the_grid_triangle_9x9_prize_top_heavy,
          minmay_the_grid_triangle_9x9_negative_grid,
          minmay_the_grid_triangle_9x9_subtriangle], layout_stronghold,
          david_lair_generic, gammafunk_ghost_nasty_kobolds
D:12:     layout_small_grid
D:13:     cheibrodos_frozen_isle, layout_cave_pools
D:14:     layout_roguey, lightli_vaults_fourway_checkpoint, hex_medium,
          tgw_lugonu_bribe, uniq_kirke
D:15:     grunt_enter_depths_magical_seal, layout_long_grid,
          minmay_misc_feat_tiny, drop_trap, uniq_roxanne

Skill      XL: |  1  2  3  4  5  6  7  8  9 10 11 12 13 14 |
---------------+-------------------------------------------+-----
Dodging        | 2 3 4 5 6 7 9 10 | 10.9
Maces & Flails | 4 5 6 7 9 10 11 12 13 14 | 14.4
Armour         | 3 4 5 7 8 10 11 12 13 | 13.6
Fighting       | 4 5 6 7 8 9 10 11 | 11.7

Action                   |  1- 3 |  4- 6 |  7- 9 | 10-12 | 13-15 || total
-------------------------+-------+-------+-------+-------+-------++-------
Melee: Mace              |    74 |   275 |   490 |       |       ||   839
       Flail             |       |       |    39 |   216 |       ||   255
       Whip              |       |       |       |   550 |   491 ||  1041
Throw: Throwing net      |       |       |     1 |       |       ||     1
Invok: Berserk           |     1 |     3 |     7 |     2 |     3 ||    16
       Trog's Hand       |       |       |     3 |     1 |     6 ||    10
Evoke: Wand              |       |       |     1 |     2 |    32 ||    35
  Use: Scroll            |       |     5 |     2 |     8 |     3 ||    18
       Potion            |       |       |     4 |     3 |     1 ||     8
 Stab: Sleeping          |       |     2 |       |       |       ||     2
       Distracted        |       |       |       |       |     2 ||     2
  Eat: Chunk             |     1 |    11 |    15 |    22 |    11 ||    60
       Ration            |       |       |     2 |       |     2 ||     4
Armor: Animal skin       |    34 |   162 |   269 |    56 |       ||   521
       Skin              |       |       |    33 |       |       ||    33
       Leather armour    |       |       |       |   226 |   139 ||   365
Dodge: Dodged            |    62 |   288 |   411 |   445 |   288 ||  1494

Table legend:
 A = Non-vault XP
 B = Vault XP
 C = Vault XP percentage of total XP
 D = Non-vault monster count
 E = Vault monster count
 F = Vault count percentage of total count
                 A         B        C        D         E       F
            +---------+---------+-------+---------+---------+-------
      Total |   50429 |   24326 |  32.5 |     375 |      74 |  16.5
            +---------+---------+-------+---------+---------+-------
        D:1 |      31 |       0 |   0.0 |      15 |       0 |   0.0
        D:2 |      47 |      38 |  44.7 |      26 |       1 |   3.7
        D:3 |     123 |      68 |  35.6 |      28 |       7 |  20.0
        D:4 |     330 |     286 |  46.4 |      24 |       1 |   4.0
        D:5 |    1022 |     505 |  33.1 |      35 |       5 |  12.5
        D:6 |    1059 |       0 |   0.0 |      20 |       0 |   0.0
        D:7 |    1233 |       0 |   0.0 |      22 |       0 |   0.0
        D:8 |    1715 |    2173 |  55.9 |      33 |       8 |  19.5
        D:9 |    1106 |     670 |  37.7 |      29 |       4 |  12.1
       D:10 |    3538 |    2203 |  38.4 |      25 |       1 |   3.8
       D:11 |    4441 |    7513 |  62.8 |      38 |      25 |  39.7
       D:12 |    6603 |       0 |   0.0 |      21 |       0 |   0.0
       D:13 |    3870 |     978 |  20.2 |       9 |       6 |  40.0
       D:14 |    7538 |    9892 |  56.8 |      16 |      16 |  50.0
       D:15 |   17773 |       0 |   0.0 |      34 |       0 |   0.0
            +---------+---------+-------+---------+---------+-------
